 Dungeon Crawl Stone Soup version 0.29.1-1-gd02db6906a (webtiles) character file.

Game seed: 9298352987401073427

370 lonewolfV2 the Trooper (level 6, -3/40 HPs)
             Began as a Gargoyle Berserker on Oct 16, 2022.
             Was a Believer of Trog.
             Killed by divine providence
             ... invoked by an orc priest
              (12 damage)
             ... on level 4 of the Dungeon.
             The game lasted 00:05:15 (3975 turns).

lonewolfV2 the Trooper (Gargoyle Berserker)         Turns: 3975, Time: 00:05:16

Health: -3/40      AC: 19    Str: 22    XL:     6   Next: 70%
Magic:  6/6        EV: 11    Int:  8    God:    Trog [**....]
Gold:   209        SH:  0    Dex:  9    Spells: 5/5 levels left

rFire   + . .      SeeInvis .   j - +1 morningstar (protect)
rCold   . . .      Faith    .   (no shield)
rNeg    + . .      Spirit   .   g - +2 ring mail {rF+}
rPois   ∞          Reflect  .   (no helmet)
rElec   +          Harm     .   (no cloak)
rCorr   .          Rampage  .   (no gloves)
Will    .....                   (no boots)
Stlth   ..........              (no amulet)
HPRegen 0.13/turn               (no ring)
MPRegen 0.10/turn               (no ring)

@: under a protective aura
A: sickness immunity, AC +4, negative energy resistance 1, electricity
resistance, torment resistance 1, petrification resistance
a: Renounce Religion, Berserk, Trog's Hand


You were on level 4 of the Dungeon.
You worshipped Trog.
Trog was pleased with you.
You visited 1 branch of the dungeon, and saw 4 of its levels.

You collected 209 gold pieces.

Inventory:

Hand Weapons
 a - a +0 mace
 j - a +1 morningstar of protection (weapon)
Armour
 b - a +0 animal skin
 g - a +2 ring mail of fire resistance (worn)
Scrolls
 e - a scroll of amnesia {unknown}
 f - 4 scrolls of identify
 i - a scroll of acquirement {unknown}
 k - 2 scrolls of teleportation
 m - a scroll of enchant weapon {unknown}
 o - a scroll of vulnerability {unknown}
Potions
 c - 4 potions of flight
 d - a potion of magic
 h - a potion of brilliance
 l - a potion of might {unknown}
 n - 2 potions of berserk rage {unknown}
 p - a potion of resistance {unknown}


   Skills:
 + Level 4.9 Fighting
 + Level 4.4 Maces & Flails
 + Level 4.1 Armour
 + Level 3.1 Dodging


You had 5 spell levels left.
You didn't know any spells.
Your spell library was empty.

Dungeon Overview and Level Annotations

Branches:
Dungeon (4/15)
 Temple: D:4-7

Altars:
Vehumet


Innate Abilities, Weirdness & Mutations

You are immune to sickness and miasma.
Your stone body is resilient. (AC +4)
You are immune to poison.
You resist negative energy. (rN+)
You are resistant to electric shocks. (rElec)
You are resistant to unholy torment.
You are immune to petrification.


Message History

The orc priest is lightly wounded.
The endoplasm jiggles.
The orc priest hits you with a +0 flail.
You closely miss the orc priest.
The orc priest is lightly wounded.
The orc priest calls upon Beogh to heal the orc priest.
The orc priest's wounds heal themselves!
The orc priest hits you but does no damage.
You closely miss the orc priest.
The orc priest hits you but does no damage.
You hit the orc priest.
The orc priest is lightly wounded.
The orc priest hits you with a +0 flail.
The orc priest closely misses you.
You closely miss the orc priest.
The orc priest is lightly wounded.
The orc priest mumbles some strange prayers to Beogh against you.
Beogh smites you!
The orc priest hits you but does no damage.
You hit the orc priest but do no damage.
The orc priest is lightly wounded.
The orc priest hits you but does no damage.
You hit the orc priest.
The orc priest is heavily wounded.
The orc priest hits you with a +0 flail.
* * * LOW HITPOINT WARNING * * *
You closely miss the orc priest.
The orc priest is heavily wounded.
The orc priest hits you but does no damage.
The orc priest hits you with a +0 flail.
* * * LOW HITPOINT WARNING * * *
You closely miss the orc priest.
The orc priest is heavily wounded.
The orc priest hits you but does no damage.
You hit the orc priest.
The orc priest is severely wounded.
The orc priest miscasts a cantrip.
The orc priest invokes the aid of Beogh against you.
Beogh smites you!
You die...

#..# #.†. #.# ##.# ##+#
#.# #.####.. #...# #.#
#....... .....# #.#
#####... ......# ###.#####
#... .o.....###.......###
#...
......Joo@................
.......###....##.#.######.
......# #.#..##.#.# ##
.....# #.#...#.#.### #
#...# #.##..#.#...# ###
##+# #.##..#.#.#.###..
#.......#........
####......§≈§≈≈≈≈
##.####.§§....


You could see 2 orc priests and an endoplasm.

Vanquished Creatures
  A phantom (D:4)
  2 scorpions (D:4)
  2 orc priests (D:3)
  Terence (D:2)
  3 adders
  A worm (D:3)
  3 dart slugs
  4 orcs
  5 endoplasms
  A giant cockroach (D:1)
  A goblin (D:3)
  6 hobgoblins
  6 kobolds
  A quokka (D:1)
  7 ball pythons
  6 bats
  3 frilled lizards (D:1)
  9 rats
62 creatures vanquished.

Notes
Turn   | Place    | Note
-------+----------+-------------------------------------------
     0 | D:1      | lonewolfV2 the Gargoyle Berserker began the quest for the
                  | Orb.
     0 | D:1      | Reached XP level 1. HP: 14/14 MP: 1/1
   593 | D:1      | Reached XP level 2. HP: 16/19 MP: 2/2
   759 | D:1      | Found a faded altar of an unknown god.
  1279 | D:1      | Reached XP level 3. HP: 20/23 MP: 3/3
  1731 | D:2      | Noticed Terence
  1739 | D:2      | Killed Terence
  1827 | D:2      | Reached XP level 4. HP: 23/29 MP: 4/4
  2033 | D:2      | Reached ** piety under Trog
  3063 | D:3      | Reached XP level 5. HP: 16/33 MP: 5/5
  3706 | D:4      | Reached XP level 6. HP: 32/39 MP: 6/6
  3881 | D:4      | Found a radiant altar of Vehumet.
  3975 | D:4      | Killed from afar by an orc priest

Illustrated notes

Levels and vault maps discovered:
D:1:      dpeg_arrival_tiny_f, layout_basic, basic_ecumenical_altar
D:2:      layout_loops_ring, uniq_terence
D:3:      layout_loops_ring
D:4:      layout_loops_corners, mainiacjoe_overflow_brackets, uniq_blork_the_orc

Skill      XL: |  1  2  3  4  5  6 |
---------------+-------------------+-----
Dodging        | 2 3 |  3.1
Armour         | 3 4 |  4.1
Fighting       | 4 |  4.9
Maces & Flails | 4 |  4.4

Action                   |  1- 3 |  4- 6 || total
-------------------------+-------+-------++-------
Melee: Mace              |    77 |    33 ||   110
       Punch             |     2 |     1 ||     3
       Morningstar       |       |    95 ||    95
Invok: Berserk           |       |     1 ||     1
       Trog's Hand       |       |     1 ||     1
  Use: Scroll            |     1 |     5 ||     6
       Potion            |       |     1 ||     1
Armor: Animal skin       |    42 |       ||    42
       Ring mail         |    13 |    80 ||    93
Dodge: Dodged            |    88 |    79 ||   167
